 Dungeon Crawl Stone Soup version 0.16-a0-3714-geb26cbe (webtiles) character file.

697356 SkaryMonk the Corrupter of Planes (level 27, -13/164 HPs)
             Began as a Kobold Abyssal Knight on Nov 6, 2014.
             Was the Champion of Lugonu.
             Killed themself with a badly aimed orb of electricity (61 damage)
             ... in Pandemonium on Jan 20, 2015.
             The game lasted 12:45:43 (103126 turns).

SkaryMonk the Corrupter of Planes (KoAK)          Turns: 103126, Time: 12:45:44

Health: -13/164    AC: 12    Str:  9      XL:     27
Magic:  40/40      EV: 37    Int:  8 (9)  God:    Lugonu [******]
Gold:   4974       SH: 11    Dex: 33      Spells: 8 memorised, 0 levels left

rFire  . . .     SeeInvis +     a - +9 dagger (distort)
rCold  + . .     Rnd*Rage +     d - +3 leather armour {MR+}
rNeg   + + .     SustAb   .     q - +2 buckler {reflect}
rPois  +         Gourm    .     P - +0 mask of the Dragon {MR+ Slay+3 SInv}
rElec  .         Spirit   .     U - +1 ratskin cloak {rPois+ rN+ Int-1 Dex-1}
rCorr  .         Warding  .     j - +2 pair of fencer's gloves {EV+3 Dex+6 Slay+2}
rMut   .         Stasis   .     u - +2 pair of boots of the Assassin {Stlth++}
MR     ++++.                    H - amulet of Vitality {Regen+ HP+15}
Stlth  ++++++++++               E - ring "Ufutioge" {rC+ rN+ Slay+2}
                                k - ring "Tolluq" {+Inv Dex+4 Slay+4}

@: incredibly resistant to hostile enchantments, uncannily stealthy
A: berserk 1, carnivore 3, clumsy 1, deformed body, deterioration 1, dopey 1,
frail 1, low mp 1, weak 1
a: Depart the Abyss, Bend Space, Banish, Corrupt, Enter the Abyss, Renounce
Religion, Evoke Invisibility
}: 5/15 runes: decaying, slimy, silver, abyssal, gossamer


You were in Pandemonium.
You worshipped Lugonu.
Lugonu was exalted by your worship.
You were very full.

You visited 12 branches of the dungeon, and saw 62 of its levels.
You visited Pandemonium 1 time, and saw 7 of its levels.
You visited the Abyss 2 times.
You also visited: Ice Cave.

You collected 9839 gold pieces.
You spent 4865 gold pieces at shops.

Notes
Turn   | Place    | Note
--------------------------------------------------------------
     0 | Abyss:1  | SkaryMonk, the Kobold Abyssal Knight, began the quest for the Orb.
     0 | Abyss:1  | Reached XP level 1. HP: 14/14 MP: 1/1
     2 | Abyss:1  | Found a corrupted altar of Lugonu.
    92 | Abyss:1  | Noticed a small abomination
   104 | D:1      | Escaped the Abyss
   574 | D:1      | Reached XP level 2. HP: 16/19 MP: 2/2
   774 | D:1      | Acquired Lugonu's first power
   948 | D:1      | Reached skill level 4 in Short Blades
  1296 | D:1      | Reached XP level 3. HP: 18/23 MP: 3/3
  1692 | D:2      | Reached skill level 5 in Short Blades
  1706 | D:2      | Noticed Terence
  1735 | D:2      | Killed Terence
  1735 | D:2      | Reached XP level 4. HP: 20/28 MP: 5/5
  1876 | D:2      | Found a snail-covered altar of Cheibriados.
  1876 | D:2      | Found a basalt altar of Yredelemnul.
  1877 | D:2      | Found an ancient bone altar of Kikubaaqudgha.
  1904 | D:2      | Acquired Lugonu's second power
  2066 | D:3      | Noticed Jessica
  2208 | D:3      | Reached skill level 6 in Short Blades
  2591 | D:3      | Reached XP level 5. HP: 27/32 MP: 6/6
  2856 | D:3      | Found a sacrificial altar of Ru.
  2856 | D:3      | Found a white marble altar of Elyvilon.
  3002 | D:3      | Killed Jessica
  3342 | D:3      | Reached skill level 7 in Short Blades
  3611 | D:3      | Reached XP level 6. HP: 37/37 MP: 7/7
  3643 | D:3      | Acquired Lugonu's third power
  3800 | D:3      | Reached skill level 8 in Short Blades
  4399 | D:4      | Reached skill level 9 in Short Blades
  4576 | D:4      | Noticed Prince Ribbit
  4643 | D:4      | Reached XP level 7. HP: 33/41 MP: 9/9
  4985 | D:4      | Acquired Lugonu's fourth power
  5016 | D:4      | Reached skill level 10 in Short Blades
  5494 | D:5      | Entered Level 5 of the Dungeon
  5646 | D:5      | Reached XP level 8. HP: 25/46 MP: 8/10
  6015 | D:5      | Reached skill level 5 in Dodging
  6889 | D:5      | Reached skill level 5 in Fighting
  6901 | D:5      | Found Thraamast's Distillery.
  7290 | D:6      | Acquired Lugonu's fifth power
  7647 | D:6      | Found Ghay's Book Emporium.
  8007 | D:6      | Found a burning altar of Makhleb.
  8493 | D:7      | Reached skill level 5 in Invocations
  8551 | D:7      | Reached skill level 1 in Throwing
  8670 | D:7      | Found a staircase to the Ecumenical Temple.
  8703 | D:7      | Reached XP level 9. HP: 54/54 MP: 16/16
  8959 | D:7      | Reached skill level 5 in Throwing
  9539 | D:7      | Reached skill level 5 in Evocations
  9710 | D:7      | Reached skill level 5 in Stealth
  9979 | D:8      | Found Kludd's Serpentskin Sales.
 10156 | D:8      | Noticed Grum
 10196 | D:8      | Killed Grum
 10206 | D:8      | Reached XP level 10. HP: 39/59 MP: 18/18
 10613 | D:8      | Found a glowing silver altar of Zin.
 10628 | D:8      | Identified a +0 rod of inaccuracy (10/10) (You found it on level 8 of the Dungeon)
 10654 | D:8      | Reached skill level 11 in Short Blades
 11144 | D:8      | Reached skill level 12 in Short Blades
 11555 | D:8      | Noticed Joseph
 12110 | D:8      | Killed Joseph
 12274 | D:9      | Reached skill level 13 in Short Blades
 12597 | D:9      | Noticed Skillih's ghost (experienced MiBe)
 12820 | D:9      | Banished Skillih's ghost
 13024 | D:9      | Reached XP level 11. HP: 57/63 MP: 21/21
 13993 | D:9      | Found a staircase to the Orcish Mines.
 14057 | D:9      | Found a staircase to the Lair.
 14298 | Lair:1   | Entered Level 1 of the Lair of Beasts
 14314 | Lair:1   | Noticed Fusha's ghost (powerful DrAK)
 14317 | Lair:1   | Banished Fusha's ghost
 15388 | Lair:2   | Reached skill level 10 in Evocations
 16843 | Lair:3   | Noticed a griffon
 16905 | Lair:3   | Reached XP level 12. HP: 68/68 MP: 25/25
 16927 | Lair:3   | Killed a griffon
 16927 | Lair:3   | Reached skill level 10 in Stealth
 17018 | Lair:3   | Reached skill level 10 in Invocations
 17313 | Temple   | Entered the Ecumenical Temple
 17473 | Temple   | Corrupted Temple
 17473 | Temple   | Noticed a starcursed mass
 17473 | Temple   | Noticed a starcursed mass
 17473 | Temple   | Noticed a tentacled starspawn
 17473 | Temple   | Noticed a starcursed mass
 17473 | Temple   | Noticed a starcursed mass
 17473 | Temple   | Noticed an Executioner
 17473 | Temple   | Noticed a starcursed mass
 17473 | Temple   | Noticed a Hell Sentinel
 17521 | Temple   | Noticed a thrashing horror
 17524 | Temple   | Noticed a red very ugly thing
 17525 | Temple   | Noticed a thrashing horror
 17525 | Temple   | Noticed a profane servitor
 17530 | Temple   | Noticed a large abomination
 17544 | Temple   | Noticed a thrashing horror
 18229 | D:4      | Killed Prince Ribbit
 18634 | D:10     | Entered Level 10 of the Dungeon
 18791 | D:10     | Got an emerald-encrusted scale mail
 18999 | Temple   | Identified a +5 dagger of distortion (a +3 dagger corrupted by Lugonu)
 19344 | Lair:3   | Identified a +0 rod of clouds (12/12) (You found it on level 3 of the Lair of Beasts)
 19413 | Lair:3   | Identified the cursed -1 scale mail of Vehumet's Supremacy {Slay+3} (You found it on level 10 of the Dungeon)
 19773 | Lair:3   | Noticed a four-headed hydra
 19782 | Lair:3   | Killed a four-headed hydra
 20592 | Lair:4   | Got a sheer robe
 20604 | Lair:4   | Identified the +1 robe "Izxer" {MR++} (You found it on level 4 of the Lair of Beasts)
 20902 | Lair:4   | Noticed Fannar
 21577 | Lair:4   | Reached XP level 13. HP: 76/80 MP: 27/27
 21793 | Lair:4   | Banished Fannar
 22421 | Lair:5   | Found a frozen archway.
 22431 | IceCv    | Entered an ice cave
 22441 | IceCv    | Reached skill level 10 in Dodging
 22442 | IceCv    | Noticed timbw's ghost (experienced VSBe)
 22473 | IceCv    | Killed timbw's ghost
 22826 | IceCv    | Reached skill level 10 in Fighting
 22892 | Lair:5   | Learned a level 2 spell: Swiftness
 22895 | Lair:5   | Learned a level 2 spell: Repel Missiles
 22899 | Lair:5   | Learned a level 3 spell: Flight
 23343 | Lair:5   | Found a hole to the Spider Nest.
 23963 | Lair:6   | Found a staircase to the Swamp.
 25456 | Lair:7   | Found a staircase to the Slime Pits.
 25834 | Lair:7   | Reached skill level 1 in Shields
 25834 | Lair:7   | Reached XP level 14. HP: 84/88 MP: 28/28
 26533 | Lair:8   | Entered Level 8 of the Lair of Beasts
 27271 | Lair:8   | Reached skill level 5 in Shields
 28027 | Lair:8   | Reached skill level 10 in Throwing
 28361 | Lair:8   | Corrupted Lair:8
 28384 | Lair:8   | Noticed a deep elf demonologist
 29732 | Lair:8   | Reached XP level 15. HP: 88/93 MP: 29/29
 29928 | Lair:8   | Upgraded the game from 0.16-a0-1885-g0f03bb0 to 0.16-a0-1970-g0967df0
 30244 | Orc:1    | Entered Level 1 of the Orcish Mines
 31007 | Orc:2    | Found a bloodstained altar of Trog.
 31009 | Orc:2    | Noticed Snorg
 31019 | Orc:2    | Killed Snorg
 31139 | Orc:2    | Noticed Erolcha
 31139 | Orc:2    | Noticed Psyche
 31204 | Orc:2    | Killed Erolcha
 31340 | Orc:2    | Noticed Sonja
 31353 | Orc:2    | Killed Sonja
 31400 | Orc:2    | Noticed Erica
 31436 | Orc:2    | Killed Erica
 31481 | Orc:2    | Killed Psyche
 31677 | Orc:3    | Noticed Maurice
 31712 | Orc:3    | Killed Maurice
 31856 | Orc:3    | Found a staircase to the Elven Halls.
 32264 | Orc:3    | Found a bloodstained altar of Trog.
 32459 | Orc:4    | Entered Level 4 of the Orcish Mines
 32557 | Orc:4    | Corrupted Orc:4
 32557 | Orc:4    | Noticed a bone dragon
 32557 | Orc:4    | Noticed a tentacled starspawn
 32558 | Orc:4    | Noticed an orc warlord
 32558 | Orc:4    | Noticed a tentacled starspawn
 32558 | Orc:4    | Noticed an Executioner
 32565 | Orc:4    | Killed an orc warlord
 32912 | Orc:4    | Found Qidalim's Antique Armour Shop.
 32912 | Orc:4    | Found a roughly hewn altar of Beogh.
 32937 | Orc:4    | Found Raaff's Antique Weapon Boutique.
 32962 | Orc:4    | Bought the +0 mask of the Dragon {MR+ Slay+3 SInv} for 1102 gold pieces
 33072 | Orc:4    | Found a roughly hewn altar of Beogh.
 33096 | Orc:4    | Found a roughly hewn altar of Beogh.
 33151 | Orc:4    | Found a roughly hewn altar of Beogh.
 33323 | Orc:4    | Found a roughly hewn altar of Beogh.
 33371 | Orc:4    | Found a roughly hewn altar of Beogh.
 33484 | Orc:4    | Found a roughly hewn altar of Beogh.
 33487 | Orc:4    | Found Zaggymn's Distillery.
 33669 | Orc:4    | Found a roughly hewn altar of Beogh.
 33670 | Orc:4    | Found Maxtegge's Armour Boutique.
 33855 | Orc:4    | Found a roughly hewn altar of Beogh.
 34399 | Swamp:1  | Entered Level 1 of the Swamp
 34762 | Swamp:1  | Reached skill level 14 in Invocations
 35569 | Swamp:2  | Noticed a thorn hunter
 35755 | Swamp:2  | Noticed a thorn hunter
 35758 | Swamp:2  | Killed a thorn hunter
 35908 | Swamp:2  | Reached skill level 15 in Invocations
 36215 | Swamp:1  | HP: 2/93 [thorn hunter/volley of thorns (27)]
 37214 | Swamp:3  | Noticed a thorn hunter
 37308 | Swamp:3  | Killed a thorn hunter
 37308 | Swamp:3  | Reached XP level 16. HP: 72/99 MP: 32/32
 38410 | Swamp:4  | Noticed a tentacled monstrosity
 38985 | Swamp:4  | Killed a tentacled monstrosity
 39046 | Swamp:5  | Entered Level 5 of the Swamp
 39319 | Swamp:5  | Noticed a thorn hunter
 39543 | Swamp:5  | Killed a thorn hunter
 39776 | Swamp:5  | Reached skill level 15 in Dodging
 39929 | Swamp:5  | Noticed Protee's ghost (mighty OgHu)
 40099 | Swamp:5  | Noticed Donald
 40125 | Swamp:5  | Noticed the 27-headed Lernaean hydra
 40127 | Swamp:5  | Banished Donald
 40134 | Swamp:5  | Corrupted Swamp:5
 40134 | Swamp:5  | Noticed a tentacled starspawn
 40134 | Swamp:5  | Noticed a tentacled starspawn
 40134 | Swamp:5  | Noticed a tentacled starspawn
 40141 | Swamp:5  | HP: 3/99 [the 27-headed Lernaean hydra (6)]
 40143 | Swamp:5  | Killed the 27-headed Lernaean hydra
 40144 | Swamp:5  | Killed a tentacled starspawn
 40152 | Swamp:5  | Killed a tentacled starspawn
 40614 | Swamp:5  | Got a decaying rune of Zot
 41064 | Orc:4    | Bought the +4 arc blade {discharge, rElec} for 1368 gold pieces
 41070 | Orc:4    | Bought a transparent robe for 188 gold pieces
 41087 | Orc:4    | Identified the +0 robe "Caga" {Dex-5 Curse} (You bought it in a shop on level 4 of the Orcish Mines)
 41378 | D:10     | Found Qiawnirch's Jewellery Shoppe.
 43782 | D:13     | Reached skill level 15 in Stealth
 43846 | D:13     | Found Moucweg's Jewellery Boutique.
 43859 | D:13     | Reached XP level 17. HP: 104/104 MP: 33/33
 43946 | D:13     | Noticed Nessos
 43956 | D:13     | Killed Nessos
 44330 | D:14     | Found Riodetal's Food Emporium.
 44430 | D:14     | Found Omesuetoepn's Antique Armour Shoppe.
 44454 | D:14     | Found Sheaxur's Book Shoppe.
 44906 | D:14     | Found Cronyl Shru's Armour Shoppe.
 45102 | D:14     | Found a gate to the Vaults.
 45403 | D:15     | Entered Level 15 of the Dungeon
 45452 | D:15     | Found a staircase to the Depths.
 46702 | Spider:1 | Entered Level 1 of the Spider Nest
 46702 | Spider:1 | Noticed Frances
 46784 | Spider:1 | Killed Frances
 46944 | Spider:1 | Reached skill level 15 in Evocations
 47085 | Spider:1 | Got a jewelled rapier
 47086 | Spider:1 | Identified the +9 rapier of the Demagogue {drain, +Blink Str+2 Stlth---} (You found it on level 1 of the Spider Nest)
 47343 | D:10     | Bought the ring "Tolluq" {+Inv Dex+4 Slay+4} for 870 gold pieces
 47676 | Spider:1 | Noticed Maud
 47691 | Spider:1 | Killed Maud
 47882 | Spider:1 | Learned a level 6 spell: Mass Confusion
 48770 | Spider:2 | Noticed Aizul
 49625 | Spider:3 | Reached XP level 18. HP: 111/111 MP: 34/34
 49879 | Spider:3 | Gained mutation: You can translocate small distances at will. [potion of beneficial mutation]
 50860 | Spider:4 | Got a glittering iron ring
 50862 | Spider:4 | Identified the ring "Pneur" {MR+ Str-3} (You found it on level 4 of the Spider Nest)
 51471 | Spider:5 | Entered Level 5 of the Spider Nest
 51874 | Spider:5 | Got a faintly glowing scale mail
 51885 | Spider:5 | Identified the +11 scale mail of Amelioration {rF++ Slay-1} (You found it on level 5 of the Spider Nest)
 52138 | Spider:5 | Reached skill level 15 in Short Blades
 52274 | Spider:5 | Got a gossamer rune of Zot
 53675 | Slime:1  | Entered Level 1 of the Pits of Slime
 54260 | Slime:2  | Reached XP level 19. HP: 120/120 MP: 35/35
 54316 | Slime:3  | Reached skill level 15 in Throwing
 54563 | Slime:6  | Entered Level 6 of the Pits of Slime
 55072 | Slime:5  | Gained mutation: You are frail (-10% HP). [a shining eye]
 55326 | Slime:6  | Gained mutation: You are clumsy. (Dex -2) [a shining eye]
 55451 | Slime:6  | Found a viscous altar of Jiyva.
 55452 | Slime:6  | Noticed the royal jelly
 55462 | Slime:6  | Reached skill level 16 in Throwing
 55821 | Slime:6  | Reached skill level 15 in Fighting
 55831 | Slime:6  | Corrupted Slime:6
 55901 | Slime:6  | Killed the royal jelly
 55915 | Slime:6  | Killed a lich
 56097 | Slime:6  | Upgraded the game from 0.16-a0-1970-g0967df0 to 0.16-a0-1982-g8124c91
 56582 | Vaults:1 | Entered Level 1 of the Vaults
 57253 | D:14     | Upgraded the game from 0.16-a0-1982-g8124c91 to 0.16-a0-2010-g98bc240
 57421 | Vaults:1 | Reached skill level 17 in Evocations
 57507 | Vaults:1 | Reached XP level 20. HP: 116/116 MP: 34/36
 57901 | Vaults:1 | Reached skill level 18 in Evocations
 58908 | Vaults:2 | Reached skill level 19 in Evocations
 59229 | Vaults:2 | Found a staircase to the Crypt.
 59344 | Vaults:2 | Found Wief's Antique Armour Shop.
 59914 | Vaults:2 | Reached skill level 20 in Evocations
 60617 | Vaults:3 | Reached skill level 21 in Evocations
 60627 | Vaults:3 | Reached XP level 21. HP: 112/120 MP: 39/39
 61559 | Vaults:3 | Reached skill level 22 in Evocations
 62189 | Vaults:4 | Found Lomehut's Book Boutique.
 62802 | Vaults:4 | Reached skill level 23 in Evocations
 64291 | Slime:6  | Upgraded the game from 0.16-a0-2010-g98bc240 to 0.16-a0-2844-g9b01c91
 64818 | Depths:1 | Entered Level 1 of the Depths
 64854 | Depths:1 | Upgraded the game from 0.16-a0-2844-g9b01c91 to 0.16-a0-2876-g1f3fc7e
 65503 | Depths:1 | Reached skill level 24 in Evocations
 65607 | Depths:1 | Reached skill level 1 in Air Magic
 65643 | Depths:1 | Found a gateway to Hell.
 65674 | Depths:1 | Reached skill level 1 in Charms
 65703 | Depths:1 | Reached XP level 22. HP: 125/126 MP: 41/41
 65954 | Depths:1 | Found Lyeragoi's Antique Weapon Boutique.
 66021 | Depths:1 | Found a runed gate.
 66021 | Depths:1 | Found a runed gate.
 66022 | Depths:1 | Found a runed gate.
 66354 | Depths:1 | Found a runed door.
 66508 | Depths:1 | Found a runed door.
 67147 | Depths:1 | Reached skill level 5 in Air Magic
 67317 | Depths:2 | Reached skill level 5 in Charms
 67847 | Depths:2 | Noticed Saint Roka
 67920 | Depths:2 | Lost mutation: You are clumsy. (Dex -2) [mutagenic glow]
 68280 | Depths:2 | Noticed Norris
 68304 | Depths:2 | Killed Norris
 68554 | Depths:2 | Killed Saint Roka
 68880 | Depths:2 | Noticed an ancient lich
 68908 | Depths:2 | Banished an ancient lich
 68999 | Depths:2 | Identified a scroll of acquirement
 69067 | Depths:2 | Reached XP level 23. HP: 119/129 MP: 42/42
 69653 | Depths:2 | Got a bloodstained dagger
 69656 | Depths:2 | Identified the +4 dagger of Duweosk {speed, MR+ Stlth+} (You found it on level 2 of the Depths)
 69662 | Depths:2 | Reached XP level 24. HP: 135/135 MP: 42/42
 70035 | Depths:2 | Reached XP level 25. HP: 136/136 MP: 43/43
 71240 | Slime:6  | Got a slimy rune of Zot
 71377 | Slime:6  | Got a smoking chain mail
 71388 | Slime:6  | Identified the +9 chain mail of the Hidden Vale {Str+4 Int+1 Curse} (You found it on level 6 of the Pits of Slime)
 71418 | Slime:6  | Identified the Compendium of the Birds and Attacks (You found it on level 6 of the Pits of Slime)
 71475 | Slime:6  | Identified the Compendium of Moulding (You found it on level 6 of the Pits of Slime)
 71487 | Slime:6  | Gained mutation: You expend magic power (3 MP) to slightly strengthen your wands. [a shining eye]
 71493 | Slime:6  | Reached skill level 1 in Armour
 72057 | Elf:1    | Entered Level 1 of the Elven Halls
 72179 | Elf:1    | Noticed Josephine
 72189 | Elf:1    | Killed Josephine
 72344 | Elf:1    | Found a burning altar of Makhleb.
 72611 | Elf:1    | Noticed Agnes
 72650 | Elf:1    | Killed Agnes
 73719 | Elf:2    | Found a runed gate.
 73720 | Elf:2    | Found a runed gate.
 73720 | Elf:2    | Found a runed gate.
 74461 | Elf:3    | Entered Level 3 of the Elven Halls
 74527 | Elf:3    | Learned a level 3 spell: Passwall
 74534 | Elf:3    | Learned a level 6 spell: Invisibility
 74623 | Elf:3    | Got an ancient scimitar
 74624 | Elf:3    | Identified the +4 scimitar of Nahai {drain, rC+} (You found it on level 3 of the Elven Halls)
 74820 | Elf:3    | Found Ylan's Magic Scroll Emporium.
 74829 | Elf:3    | Bought a scroll of recharging for 180 gold pieces
 74829 | Elf:3    | Bought a scroll of teleportation for 57 gold pieces
 74829 | Elf:3    | Bought a scroll of teleportation for 57 gold pieces
 74884 | Elf:3    | Noticed zkyp's ghost (mighty DDFE)
 74896 | Elf:3    | Banished zkyp's ghost
 75250 | Elf:3    | Corrupted Elf:3
 75288 | Elf:3    | Killed Wiglaf
 75464 | Elf:3    | Got a pitted brass ring
 75573 | Elf:3    | Identified the ring "Lipsuosk" {Str+3 Dex+4} (You found it on level 3 of the Elven Halls)
 75652 | Elf:3    | Got a transparent bronze ring
 75658 | Elf:3    | Identified the ring of Scheol {rF+ rC+ Slay+2} (You found it on level 3 of the Elven Halls)
 75688 | Elf:3    | Identified the Volume of Glacial Boosts
 75723 | Elf:3    | Got a brightly glowing chain mail
 75734 | Elf:3    | Identified the +6 chain mail of Ogre {+Inv rPois Stlth---} (You found it on level 3 of the Elven Halls)
 76380 | Vaults:5 | Entered Level 5 of the Vaults
 76382 | Vaults:5 | Corrupted Vaults:5
 76396 | Vaults:4 | Reached skill level 1 in Transmutations
 76396 | Vaults:4 | Reached skill level 1 in Earth Magic
 76523 | Vaults:5 | Gained mutation: Your magical capacity is low (-10% MP). [mutagenic glow]
 76607 | Vaults:5 | Gained mutation: You tend to lose your temper in combat. [mutagenic glow]
 76687 | Vaults:5 | Gained mutation: Scrolls take you a little longer to read. [mutagenic glow]
 76739 | Vaults:5 | Lost mutation: You are frail (-10% HP). [mutagenic glow]
 77536 | Vaults:5 | Got a silver rune of Zot
 77571 | Vaults:5 | Reached XP level 26. HP: 134/160 MP: 38/38
 77651 | Vaults:5 | Reached skill level 5 in Earth Magic
 77709 | Vaults:5 | Got an ancient ring mail
 77887 | Vaults:5 | Reached skill level 5 in Transmutations
 77906 | Vaults:5 | Identified a +0 rod of clouds (13/13) (You took it off a vault guard on level 5 of the Vaults)
 78098 | Vaults:5 | Identified the Compendium of Flames
 78659 | Vaults:5 | Found Steukh's Gadget Shoppe.
 79016 | Vaults:5 | Noticed an ancient lich
 79038 | Vaults:5 | Killed an ancient lich
 80180 | Vaults:5 | Identified the +4 ring mail "Buujav" {Str+2 SInv} (You took it off a deep elf priest on level 5 of the Vaults)
 80258 | Vaults:5 | Got a coiled bronze ring
 80261 | Vaults:5 | Identified the ring of Radd {Int-1 Slay+4 SInv} (You took it off a deep elf mage on level 5 of the Vaults)
 80311 | Vaults:5 | Found Ghyttuod's Armour Boutique.
 80325 | Vaults:5 | Bought a +2 chain mail of magic resistance for 301 gold pieces
 80945 | Vaults:5 | Reached skill level 25 in Stealth
 81162 | Vaults:5 | Reached XP level 27. HP: 165/165 MP: 39/39
 81626 | Depths:3 | Noticed Margery
 81630 | Depths:3 | Killed Margery
 81802 | Depths:3 | Gained mutation: Your body is slowly deteriorating. [mutagenic glow]
 82137 | Depths:3 | Got a warped granite ring
 82139 | Depths:3 | Identified the ring of Nokogerr {rN+ Str+3 Dex+2} (You found it on level 3 of the Depths)
 82745 | Orc:4    | Bought a potion of curing for 42 gold pieces
 82745 | Orc:4    | Bought a potion of heal wounds for 70 gold pieces
 82745 | Orc:4    | Bought a potion of haste for 140 gold pieces
 82745 | Orc:4    | Bought a potion of cure mutation for 490 gold pieces
 82753 | Orc:4    | Lost mutation: Scrolls take you a little longer to read. [potion of cure mutation]
 82753 | Orc:4    | Lost mutation: Your magical capacity is low (-10% MP). [potion of cure mutation]
 82753 | Orc:4    | Lost mutation: You can translocate small distances at will. [potion of cure mutation]
 82753 | Orc:4    | Lost mutation: You expend magic power (3 MP) to slightly strengthen your wands. [potion of cure mutation]
 83713 | Depths:3 | Learned a level 3 spell: Regeneration
 83715 | Depths:3 | Identified the Grimoire of Unholy Magic (You found it on level 3 of the Depths)
 84681 | Depths:3 | Found a one-way gate leading to the halls of Pandemonium.
 84834 | Depths:2 | Got a fine leather armour
 84845 | Depths:2 | Identified the +0 leather armour "Girezac" {rF+ Int+2} (You took it off a vampire on level 2 of the Depths)
 85610 | Depths:4 | Found a shattered altar of Ashenzari.
 85745 | Depths:4 | Found a one-way gate to the infinite horrors of the Abyss.
 85871 | Depths:5 | Entered Level 5 of the Depths
 86363 | Depths:5 | Found an iron altar of Okawaru.
 86419 | Depths:5 | Found a gateway to a ziggurat.
 87025 | Depths:5 | Found a gate to the Realm of Zot.
 87068 | Depths:5 | Upgraded the game from 0.16-a0-2876-g1f3fc7e to 0.16-a0-2921-g3a24241
 87162 | Depths:4 | Voluntarily entered the Abyss.
 87178 | Abyss:1  | Killed an ancient lich
 87276 | Abyss:2  | Found a corrupted altar of Lugonu.
 87412 | Abyss:3  | Got an abyssal rune of Zot
 87414 | Depths:4 | Escaped the Abyss
 87968 | Crypt:1  | Entered Level 1 of the Crypt
 88131 | Crypt:1  | Got a silken robe
 89788 | Crypt:2  | Identified the cursed -2 robe of Qerr {rC+ Slay-2} (You found it on level 1 of the Crypt)
 90003 | Crypt:3  | Entered Level 3 of the Crypt
 91445 | Crypt:3  | Found a staircase to the Tomb.
 91624 | Crypt:3  | Identified the Collected Works on Cold (You found it on level 3 of the Crypt)
 91629 | Crypt:3  | Got a vibrating lead ring
 91629 | Crypt:3  | Got a scorched ivory ring
 91631 | Crypt:3  | Identified the ring "Phoept" {rN+ Str-3 Int+4} (You found it on level 3 of the Crypt)
 91633 | Crypt:3  | Identified the ring of Fedhas' Envy {rN+ Stlth++} (You found it on level 3 of the Crypt)
 91640 | Crypt:3  | Got a shimmering bone ring
 91642 | Crypt:3  | Identified the ring "Ufutioge" {rC+ rN+ Slay+2} (You found it on level 3 of the Crypt)
 91743 | Tomb:1   | Entered Level 1 of the Tomb of the Ancients
 92868 | Tomb:1   | Noticed an ancient lich
 92879 | Tomb:1   | Corrupted Tomb:1
 92898 | Tomb:1   | Killed an ancient lich
 92929 | Tomb:1   | Killed a greater mummy
 93500 | Tomb:2   | Corrupted Tomb:2
 93500 | Tomb:2   | Noticed an ancient lich
 93502 | Tomb:2   | Noticed a greater mummy
 93503 | Tomb:2   | Noticed a greater mummy
 93505 | Tomb:2   | Noticed an ancient lich
 93508 | Tomb:2   | Noticed a greater mummy
 94535 | Tomb:1   | Noticed a greater mummy
 94535 | Tomb:1   | Noticed a greater mummy
 94537 | Tomb:1   | Noticed a greater mummy
 94601 | Crypt:3  | Upgraded the game from 0.16-a0-2921-g3a24241 to 0.16-a0-3714-geb26cbe
 95319 | Pan      | Entered Pandemonium
 95636 | Pan      | Identified a cursed +5 rod of the swarm (9/9) (You found it on level 3 of the Crypt)
 95791 | Pan      | Noticed Kaurin the pandemonium lord
 95793 | Pan      | Killed Kaurin the pandemonium lord
 95833 | Pan      | Found an exit through the horrors of the Abyss.
 95938 | Pan      | Found an exit through the horrors of the Abyss.
 96196 | Pan      | Reached skill level 26 in Invocations
 97591 | Pan      | Found an exit through the horrors of the Abyss.
 97802 | Pan      | Noticed Zareog the pandemonium lord
 97815 | Pan      | Killed Zareog the pandemonium lord
 98394 | Pan      | Reached skill level 27 in Invocations
 98504 | Pan      | Gained mutation: Armour fits poorly on your strangely shaped body. [a cacodemon]
 98515 | Pan      | Gained mutation: You are dopey. (Int -2) [a cacodemon]
 98524 | Pan      | Gained mutation: Your magical capacity is low (-10% MP). [a cacodemon]
 98617 | Pan      | Reached skill level 1 in Necromancy
 98915 | Pan      | Learned a level 1 spell: Apportation
 99097 | Pan      | Found an exit through the horrors of the Abyss.
 99178 | Pan      | Noticed Oxiud the pandemonium lord
 99490 | Pan      | Banished Oxiud the pandemonium lord
 99693 | Pan      | Found an exit through the horrors of the Abyss.
 99726 | Pan      | Noticed Casius the pandemonium lord
100602 | Pan      | Killed Casius the pandemonium lord
101343 | Pan      | Got a transparent leather armour
101344 | Pan      | Identified the +1 leather armour of the Desert {-Cast rCorr Int+6 Dex+4} (You found it in Pandemonium)
101632 | Pan      | Reached skill level 5 in Necromancy
101665 | Pan      | Found an exit through the horrors of the Abyss.
102056 | Pan      | Noticed Veeraraqy the pandemonium lord
102263 | Pan      | Noticed Zaesaxzul the pandemonium lord
102265 | Pan      | Killed Zaesaxzul the pandemonium lord
102349 | Pan      | Gained mutation: You are weak. (Str -2) [mutagenic glow]
102570 | Pan      | Entered the realm of Mnoleg.
102581 | Pan      | Corrupted Pan
102707 | Pan      | Found an exit through the horrors of the Abyss.
102843 | Pan      | Gained mutation: You are clumsy. (Dex -2) [a neqoxec]
102885 | Pan      | Noticed Mnoleg
103118 | Pan      | Gained mutation: You are frail (-10% HP). [a neqoxec]
103126 | Pan      | Killed themself with a badly aimed orb of electricity

Inventory:

Hand weapons
 a - a +9 dagger of distortion (weapon)
 b - a +3 blowgun
 p - the +4 arc blade {discharge, rElec}
   (You bought it in a shop on level 4 of the Orcish Mines)

   It insulates you from electricity.
Missiles
 f - 7 needles of sleeping
 o - 3 tomahawks of returning (quivered)
 z - 9 needles of confusion
 L - 20 curare-tipped needles
 S - 8 poisoned needles
 Z - 6 needles of paralysis
Armour
 d - a +3 leather armour of magic resistance (worn)
 j - the +2 pair of fencer's gloves (worn) {EV+3 Dex+6 Slay+2}
   (You found it on level 1 of the Depths)

   It affects your evasion (+3).
   It affects your dexterity (+6).
   It affects your accuracy and damage with ranged weapons and melee attacks
   (+2).
 q - a +2 buckler of reflection (worn)
 u - the +2 pair of boots of the Assassin (worn) {Stlth++}
   (You acquired it on level 2 of the Depths)

   It makes you much more stealthy.
 P - the +0 mask of the Dragon (worn) {MR+ Slay+3 SInv}
   (You bought it in a shop on level 4 of the Orcish Mines)

   It affects your accuracy and damage with ranged weapons and melee attacks
   (+3).
   It affects your resistance to hostile enchantments.
   It enhances your eyesight.
 U - the +1 ratskin cloak (worn) {rPois+ rN+ Int-1 Dex-1}
   (You found it on level 8 of the Dungeon)

   It affects your intelligence (-1).
   It affects your dexterity (-1).
   It protects you from poison.
   It protects you from negative energy.
Rods
 s - a cursed +5 lightning rod (13/13)
   (You found it on level 6 of the Pits of Slime)
 B - a +5 rod of the swarm (9/9)
   (You found it on level 3 of the Crypt)
 W - a +0 rod of clouds (13/13)
   (You took it off a vault guard on level 5 of the Vaults)
 X - a +0 rod of inaccuracy (10/10)
   (You found it on level 8 of the Dungeon)
Jewellery
 k - the ring "Tolluq" (left hand) {+Inv Dex+4 Slay+4}
   (You bought it in a shop on level 10 of the Dungeon)

   [ring of invisibility]

   It affects your dexterity (+4).
   It affects your accuracy and damage with ranged weapons and melee attacks
   (+4).
   It lets you turn invisible.
 E - the ring "Ufutioge" (right hand) {rC+ rN+ Slay+2}
   (You found it on level 3 of the Crypt)

   [ring of positive energy]

   It affects your accuracy and damage with ranged weapons and melee attacks
   (+2).
   It protects you from cold.
   It protects you from negative energy.
 G - the ring of Scheol {rF+ rC+ Slay+2}
   (You found it on level 3 of the Elven Halls)

   [ring of protection from fire]

   It affects your accuracy and damage with ranged weapons and melee attacks
   (+2).
   It protects you from fire.
   It protects you from cold.
 H - the amulet of Vitality (around neck) {Regen+ HP+15}
   (You found it on level 14 of the Dungeon)

   [amulet of regeneration]

   It affects your health (+15).
   It increases your rate of regeneration.
Magical devices
 i - a wand of teleportation (3)
 r - a wand of disintegration (3)
 Q - a wand of hasting (4)
 V - a wand of cold (4)
Scrolls
 e - 5 scrolls of fear
 g - 31 scrolls of identify
 h - 24 scrolls of remove curse
 t - 12 scrolls of teleportation
 y - a scroll of holy word
 A - 5 scrolls of recharging
 J - 6 scrolls of fog
 K - 5 scrolls of magic mapping
 N - 2 scrolls of blinking
Potions
 l - a potion of agility
 m - 15 potions of curing
 v - 3 potions of heal wounds
 w - 11 potions of restore abilities
 C - 4 potions of cancellation
 F - a potion of magic
 M - 6 potions of invisibility
 O - a potion of berserk rage
 R - 2 potions of might
 T - a potion of resistance
Books
 I - a book of Conjurations

   Spells                             Type                      Level
   a - Magic Dart                     Conjuration                  1
   b - Searing Ray                    Conjuration                  2
   c - Dazzling Spray                 Conjuration/Hexes            3
   d - Fulminant Prism                Conjuration/Hexes            4
   e - Iskenderun's Mystic Blast      Conjuration                  4
   f - Iskenderun's Battlesphere      Conjuration/Charms           5
Miscellaneous
 x - 2 lamps of fire
 D - a disc of storms
 Y - a stone of tremors
Comestibles
 c - 34 meat rations
 n - 3 slices of pizza

Table legend:
 A = Turns spent in this place as a percentage of turns spent in the entire game.
 B = Non-inter-level travel turns spent in this place as a percentage of non-inter-level travel turns spent in the entire game.
 C = Inter-level travel turns spent in this place as a percentage of turns spent in this place.
 D = Turns resting spent in this place as a percentage of non-inter-level travel turns spent in this place.
 E = Turns spent auto-exploring this place as a percentage of non-inter-level travel turns spent in this place.
 F = Non-inter-level travel turns spent in this place divided by the number of levels of this place that you've seen.
                   A       B       C       D       E      F
               +-------+-------+-------+-------+-------+----------------------
         Total | 100.0 | 100.0 |   0.6 |   3.1 |   5.0 | 561.2
       Dungeon |  17.1 |  17.0 |   1.1 |   3.0 |   7.1 | 471.5
        Temple |   0.2 |   0.2 |   1.0 |   0.0 |  11.2 |  98.0
          Lair |  10.3 |  10.2 |   0.8 |   2.2 |   6.3 | 531.4
         Swamp |   5.4 |   5.4 |   0.6 |   4.4 |   5.9 | 448.0
   Spider Nest |   5.0 |   5.0 |   0.5 |   1.1 |   7.2 | 412.0
    Slime Pits |   3.9 |   3.9 |   1.2 |   4.6 |   0.0 | 270.5
  Orcish Mines |   4.3 |   4.3 |   1.0 |   0.9 |   7.3 | 449.5
   Elven Halls |   3.4 |   3.4 |   0.4 |   0.7 |   9.5 | 475.7
        Vaults |  14.3 |  14.3 |   0.3 |   4.0 |   4.8 | 1190.4
         Crypt |   6.1 |   6.1 |   0.7 |   2.1 |   2.4 | 845.0
          Tomb |   2.9 |   2.9 |   0.3 |   3.9 |   1.2 | 606.5
        Depths |  14.4 |  14.4 |   0.7 |   4.0 |   3.2 | 1194.0
         Abyss |   0.7 |   0.7 |   0.0 |   1.4 |   5.0 |  70.0
   Pandemonium |  11.5 |  11.6 |   0.0 |   3.8 |   3.5 | 689.1
      Ice Cave |   0.4 |   0.4 |   0.0 |   4.4 |   0.5 | 183.0
               +-------+-------+-------+-------+-------+----------------------


   Skills:
 - Level 15.5 Fighting
 - Level 15.0 Short Blades
 - Level 17.0 Throwing
 - Level 1.0 Armour
 - Level 15.8 Dodging
 - Level 25.4 Stealth
 - Level 5.2 Shields
 + Level 7.6 Charms
 + Level 8.4 Necromancy
 - Level 6.3 Transmutations
 - Level 6.1 Air Magic
 - Level 7.1 Earth Magic
 O Level 27 Invocations
 - Level 24.4 Evocations


You couldn't memorise any spells.
You knew the following spells:

 Your Spells              Type           Power        Failure   Level  Hunger
a - Swiftness             Chrm/Air       ##......     8%          2    ###....
b - Repel Missiles        Chrm/Air       ##....       8%          2    ###....
c - Flight                Chrm/Air       ##........   14%         3    ####...
d - Mass Confusion        Hex            #.........   100%        6    #######
e - Passwall              Trmt/Erth      ##........   14%         3    ####...
f - Invisibility          Hex            #.......     100%        6    #######
g - Regeneration          Chrm/Necr      ##........   10%         3    ####...
h - Apportation           Tloc           #.........   65%         1    ##.....


Dungeon Overview and Level Annotations

Branches:
Dungeon (15/15)            Temple (1/1) D:7            Lair (8/8) D:9
  Swamp (5/5) Lair:6       Spider (5/5) Lair:5        Slime (6/6) Lair:7
    Orc (4/4) D:9             Elf (3/3) Orc:3        Vaults (5/5) D:14
  Crypt (3/3) Vaults:2       Tomb (2/3) Crypt:3      Depths (5/5) D:15
    Zot (0/5) Depths:5

Altars:
Ashenzari
Cheibriados
Elyvilon
Gozag
Kikubaaqudgha
Makhleb
Nemelex Xobeh
Okawaru
Qazlal
Ru
Sif Muna
Trog
Yredelemnul
Zin
Beogh
Jiyva
Lugonu

Shops:
D:5 !   D:6 :   D:8 *   D:10 =   D:13 =   D:14 [%:[   Orc:4 [(![   Elf:3 ?
Vaults:2 [   Vaults:4 :   Vaults:5 [}   Depths:1 (

Portals:
Hell: Depths:1* Depths:2 Depths:3 Depths:4 Depths:5
Abyss: Depths:4
Pandemonium: Depths:3 Depths:4 Depths:5
Ziggurat: Depths:5

Annotations:
Swamp:5 Protee's ghost, mighty OgHu
Spider:2 Aizul
Elf:2 runed door
Elf:3 corrupted
Vaults:5 corrupted
Tomb:1 corrupted
Tomb:2 corrupted
Depths:1 runed door
Abyss:1 Donald; Fannar
Pan corrupted, Mnoleg


Innate Abilities, Weirdness & Mutations

You are small and have problems with some larger weapons.
You are carnivorous and can eat meat at any time.
You tend to lose your temper in combat.
You are clumsy. (Dex -2)
Armour fits poorly on your strangely shaped body.
Your body is slowly deteriorating.
You are dopey. (Int -2)
You are frail (-10% HP).
Your magical capacity is low (-10% MP).
You are weak. (Str -2)


Message History

You kill the neqoxec!
Lugonu accepts your kill.
The orb of electricity explodes!
The orb of electricity engulfs the sixfirhy.
The sixfirhy seems to be charged up!
The orb of electricity engulfs you!
* * * LOW HITPOINT WARNING * * *
The orb of electricity engulfs the cacodemon.
The cacodemon resists.
The cacodemon is moderately wounded.
The orb of electricity engulfs the orange demon.
You kill the orange demon!
Lugonu accepts your kill.
The orb of electricity engulfs the sixfirhy.
The sixfirhy explodes in a shower of sparks!
You kill the sixfirhy!
Lugonu accepts your kill.
The orb of electricity explodes!
The orb of electricity engulfs the sixfirhy.
The sixfirhy seems to be charged up!
The orb of electricity engulfs you!
You die...

,,,,,** ##....##** #.#..## #.#
,,,,** ##......#{* #..#..## #.##
,,,** ##.5..#..### #...#..#####.#
,,** ##X.....##..###.......#.###.
,{* ##............##........#.##4
,,*##...##..........#....#..p{..p
,,*#...###.....#...........&....4
,,##...####...#..4.......3.#####.
,..##...##..{#.§@§2..............
&...##......##.§§§.##...../######
.....##..X{##....§###....#.....!.
#....3##{.##.....## ###..#.######
*#.....####.....## ##.#.#
,*#.....##.....## *,#.######
,,*#..........## #,#.......
,,,##........## ####∩#.######
*,{,##......## #......#


You could see a cacodemon and a sixfirhy.

Table legend:
 A = Kills in this place as a percentage of kills in entire the game.
 B = Kills by you in this place as a percentage of kills by you in the entire game.
 C = Kills by friends in this place as a percentage of kills by friends in the entire game.
 D = Other kills in this place as a percentage of other kills in the entire game.
 E = Experience gained in this place as a percentage of experience gained in the entire game.
 F = Experience gained in this place divided by the number of levels of this place that you have seen.
                   A       B       C       D       E      F
               +-------+-------+-------+-------+-------+----------------------
         Total | 100.0 | 100.0 | 100.0 | 100.0 | 100.0 | 19855.9
       Dungeon |  17.1 |  18.1 |  12.5 |   6.0 |   3.8 | 3711.9
          Lair |  10.6 |  10.7 |  22.5 |   7.2 |   4.3 | 7984.1
         Swamp |   4.7 |   4.6 |   0.0 |   6.0 |   3.6 | 10485.8
   Spider Nest |   7.0 |   7.4 |   0.0 |   3.8 |   5.2 | 15329.0
    Slime Pits |   2.5 |   2.3 |   2.5 |   4.5 |   3.9 | 9556.8
  Orcish Mines |   6.8 |   7.2 |   0.0 |   3.4 |   0.8 | 2882.2
   Elven Halls |   4.0 |   4.1 |   0.0 |   4.2 |   4.2 | 20391.7
        Vaults |  14.6 |  14.5 |   7.5 |  17.0 |  22.5 | 66113.8
         Crypt |   4.6 |   4.2 |  12.5 |   7.2 |   6.9 | 33579.7
          Tomb |   2.2 |   2.1 |   2.5 |   3.0 |   3.0 | 22251.5
        Depths |  14.7 |  13.9 |  37.5 |  20.8 |  22.7 | 66705.0
         Abyss |   0.4 |   0.4 |   0.0 |   0.0 |   1.6 | 5720.8
   Pandemonium |  10.6 |  10.3 |   2.5 |  15.8 |  17.4 | 36522.7
      Ice Cave |   0.3 |   0.2 |   0.0 |   1.1 |   0.2 | 2788.0
               +-------+-------+-------+-------+-------+----------------------

Vanquished Creatures
  2 ancient liches
  Margery (Depths:3)
  Norris (Depths:2)
  Saint Roka (Depths:2)
  4 pandemonium lords (Pan)
  3 golden dragons
  A bone dragon (Depths:5)
  A caustic shrike (Depths:4)
  7 tentacled monstrosities
  2 titans
  3 Ice Fiends (Pan)
  6 liches
  A shard shrike skeleton (Crypt:3)
  A Hell Sentinel (Pan)
  A quicksilver dragon (Vaults:5)
  A deep elf blademaster (Elf:2)
  A tentacled starspawn (Abyss:3)
  2 Executioners (Pan)
  13 acid blobs
  4 Shadow Fiends (Pan)
  3 thorn hunters
  7 tengu reavers
  4 ancient champions
  5 shadow dragons
  Agnes (Elf:1)
  3 storm dragons (Vaults:5)
  Frances (Spider:1)
  3 revenants
  18 sphinxes
  7 fire giants
  3 azure jellies
  9 frost giants
  12 vault wardens
  Maud (Spider:1)
  An iron dragon (Vaults:5)
  A draconian knight (Depths:5)
  3 deep elf sorcerers
  5 ghost moths
  A curse skull (Crypt:3)
  A draconian scorcher (Depths:5)
  A warmonger (Pan)
  7 balrugs (Pan)
  6 cacodemons (Pan)
  10 emperor scorpions
  4 ghouls (Crypt:1)
  3 reapers
  12 stone giants
  4 war gargoyles
  2 spriggan defenders (Depths:4)
  6 very ugly things
  3 blood saints (Pan)
  A grey draconian (Depths:5)
  A green draconian (Depths:5)
  4 deep elf demonologists
  6 vampire knights
  A bennu (Tomb:1)
  3 corrupters (Pan)
  6 deep elf annihilators (Vaults:5)
  A purple draconian (Depths:5)
  4 black suns (Pan)
  2 lorocyprocas (Pan)
  2 unborn
  2 blizzard demons (Pan)
  2 dire elephants (Depths:3)
  3 chaos champions (Pan)
  4 death oozes (Slime:6)
  An eidolon (Crypt:3)
  Snorg (Orc:2)
  A crystal guardian (Vaults:4)
  14 ettins
  8 deep elf death magi
  A quicksilver dragon zombie (Depths:3)
  25 vault guards
  4 mummy priests (Tomb:1)
  4 green deaths
  3 minotaurs
  Josephine (Elf:1)
  6 jiangshi (Crypt:2)
  14 yaktaur captains
  12 great orbs of eyes
  3 rakshasas
  11 ironheart preservers
  8 fire dragons
  3 deep elf high priests
  3 hell beasts
  A quicksilver dragon skeleton (Crypt:2)
  6 ice dragons
  16 ogre magi
  3 spriggan air magi
  8 monstrous demonspawn (Pan)
  Nessos (D:13)
  9 hydras
  Erica (Orc:2)
  6 deep troll earth magi
  22 death yaks
  13 dancing weapons
  3 alligators
  A death knight (Crypt:3)
  A vampire mage (Crypt:1)
  9 deep troll shamans
  8 centaur warriors
  5 tengu warriors
  A death yak (shapeshifter) (Vaults:5)
  2 titan zombies
  13 sun demons
  2 spriggan berserkers
  15 soul eaters
  An orc high priest (Orc:4)
  5 iron trolls
  A fire crab (shapeshifter) (Depths:3)
  A storm dragon zombie (Tomb:1)
  7 hell knights (Depths:3)
  5 shadow wraiths
  20 deep elf knights
  6 unseen horrors
  19 deep trolls
  A shadow demon (Pan)
  2 ghost moth zombies
  27 skeletal warriors
  5 deep elf summoners
  A golden dragon zombie (Crypt:1)
  12 death scarabs (Tomb:1)
  A quicksilver dragon simulacrum (Tomb:2)
  3 death drakes (Depths:2)
  A spectral hydra (Depths:2)
  4 ice devils
  10 torturous demonspawn (Pan)
  An unseen horror (shapeshifter) (D:15)
  15 gelid demonspawn (Pan)
  An ice statue (IceCv)
  8 flayed ghosts
  4 giant orange brains
  6 swamp dragons (Swamp:5)
  Erolcha (Orc:2)
  19 infernal demonspawn (Pan)
  16 deep elf conjurers
  A golden dragon skeleton (Depths:3)
  3 anubis guards (Tomb:1)
  15 orb spiders
  A lindwurm (Lair:8)
  12 orc knights
  A tengu zombie (Depths:3)
  11 putrid demonspawn (Pan)
  2 sphinx zombies (Depths:3)
  An orb spider (shapeshifter) (Elf:1)
  11 hill giants
  11 necromancers
  4 wizards
  The ghost of timbw the Cleaver, an experienced VSBe of Trog (IceCv)
  19 wolf spiders
  12 hornets
  14 ironbrand convokers
  A fire giant zombie (D:15)
  A faun (shapeshifter) (Vaults:4)
  28 ugly things
  16 sixfirhies
  A mana viper (Depths:2)
  3 phantasmal warriors
  A stone giant zombie (D:15)
  An orc sorcerer (Elf:1)
  A worldbinder (Pan)
  A death scarab zombie (Tomb:1)
  5 shining eyes
  A salamander (Depths:1)
  9 cyclopes
  2 eyes of devastation
  6 griffons
  5 manticores
  A frost giant zombie (Depths:3)
  2 rust devils
  3 oklob plants (Lair:7)
  Maurice (Orc:3)
  9 black mambas
  18 vault sentinels
  A spriggan zombie (Depths:3)
  2 octopodes (shapeshifter)
  A frost giant skeleton (D:15)
  Joseph (D:8)
  3 torpor snails
  3 moths of wrath
  A centaur skeleton (D:14)
  10 elephants (Lair:8)
  An orange crystal statue (Depths:2)
  A gargoyle (D:11)
  24 smoke demons
  3 molten gargoyles
  Psyche (Orc:2)
  A queen ant (Spider:2)
  A grey draconian zombie (Crypt:2)
  27 orange demons (Pan)
  4 kobold demonologists
  20 spiny frogs
  A hellion (Pan)
  A yaktaur (shapeshifter) (Vaults:3)
  An anaconda simulacrum (Depths:2)
  An efreet (D:13)
  A spriggan skeleton (Depths:3)
  4 fire drakes
  10 demonic crawlers
  A komodo dragon (shapeshifter) (Depths:1)
  22 red devils (Pan)
  5 tengu conjurers
  8 tormentors (Pan)
  5 wandering mushrooms (D:10)
  14 deep elf priests
  12 hellwings (Pan)
  A silent spectre (Crypt:1)
  2 spectral merfolk (Depths:2)
  A hydra zombie (Crypt:2)
  A white draconian skeleton (Crypt:2)
  A yellow draconian skeleton (Crypt:3)
  2 polar bears (Lair:6)
  11 guardian mummies
  16 komodo dragons
  44 yaktaurs
  4 freezing wraiths
  Sonja (Orc:2)
  14 ravens
  A two-headed ogre (shapeshifter) (Vaults:2)
  6 giant leeches
  6 bog bodies
  29 jumping spiders
  A wind drake (shapeshifter) (Depths:1)
  3 blue devils (Pan)
  Prince Ribbit (D:4)
  11 trolls
  A wolf spider simulacrum (Crypt:1)
  A moth of wrath zombie (Crypt:2)
  4 elf zombies
  29 two-headed ogres
  2 baby alligators (Swamp:2)
  24 blink frogs
  A boulder beetle (shapeshifter) (Depths:5)
  2 ravens (shapeshifter)
  10 shadows
  52 slime creatures
  8 boulder beetles
  An alligator zombie (Crypt:2)
  A deep troll zombie (D:15)
  2 hydra skeletons
  3 ushabtiu
  27 deep elf magi
  4 flying skulls
  14 trapdoor spiders
  2 wyverns
  A black mamba zombie (Crypt:2)
  29 redbacks
  2 spriggans (shapeshifter)
  6 air elementals
  12 vampires
  14 wraiths
  17 ynoxinuls (Pan)
  34 yaks
  19 tarantellas
  3 basilisks
  9 neqoxecs (Pan)
  4 spriggans
  A trapdoor spider (shapeshifter) (Vaults:1)
  2 water elementals
  A tarantella (shapeshifter) (Depths:4)
  A yak (shapeshifter) (Vaults:1)
  5 golden eyes
  4 small abominations
  4 chaos spawn
  16 humans (D:14)
  Grum (D:8)
  29 deep elf fighters
  10 hippogriffs
  7 hungry ghosts
  A putrid demonspawn zombie (Crypt:1)
  25 vampire mosquitoes
  16 soldier ants (Spider:2)
  15 wargs
  31 swamp worms
  17 wolves
  13 porcupines
  A faun skeleton (Crypt:3)
  9 ice beasts
  2 hydra simulacra (Depths:2)
  47 orc warriors
  A monstrous demonspawn skeleton (Crypt:1)
  6 hell hounds (Depths:2)
  3 spectral spriggans (Depths:2)
  15 spiders
  23 water moccasins
  2 mottled dragons (Vaults:1)
  25 large abominations
  12 swamp drakes
  A snapping turtle zombie (Depths:2)
  6 eyes of draining
  3 black bears
  62 ogres
  5 sky beasts
  2 necrophages
  7 wasps
  A tengu (shapeshifter) (Vaults:5)
  18 centaurs
  An elephant skeleton (Crypt:2)
  6 boggarts
  A boring beetle (Lair:8)
  8 phantoms
  12 crocodiles
  4 big kobolds
  4 elf skeletons
  2 lost souls
  A brain worm (shapeshifter) (Vaults:1)
  A fire drake skeleton (Crypt:1)
  3 brain worms (Pan)
  24 giant frogs
  2 gnoll sergeants
  A komodo dragon skeleton (D:10)
  A tengu simulacrum (D:14)
  A giant frog (shapeshifter) (Vaults:4)
  14 insubstantial wisps
  6 scorpions
  A cyclops skeleton (Crypt:3)
  A raiju zombie (Crypt:1)
  3 spectral nagas (Depths:2)
  3 spectral ogres (Depths:2)
  29 killer bees
  A yak zombie (D:8)
  4 hippogriff skeletons
  5 electric eels
  A warg skeleton (Crypt:2)
  19 wights
  A spectral centaur (Depths:2)
  29 jellies
  8 crimson imps
  A centaur zombie (D:8)
  2 goliath beetles
  An iron imp (Vaults:3)
  A starcursed mass (Pan)
  4 lava snakes (Lair:5)
  14 hounds
  35 orc priests
  41 worker ants
  35 orc wizards
  2 quasits
  5 hell rats
  7 iguanas
  A shapeshifter simulacrum (D:11)
  28 sheep
  Jessica (D:3)
  A centaur simulacrum (Tomb:1)
  A naga zombie (Crypt:3)
  A big kobold skeleton (D:9)
  A deep dwarf skeleton (Crypt:2)
  Terence (D:2)
  2 hound skeletons
  24 mummies
  18 gnolls
  A naga simulacrum (Depths:2)
  30 adders
  58 river rats
  3 shadow imps
  4 giant mites
  A worm (D:5)
  2 giant eyeballs
  3 ufetubi (Pan)
  An adder skeleton (Crypt:2)
  An iguana zombie (D:6)
  5 oozes (D:8)
  227 orcs
  4 ball pythons
  15 bats
  2 bat zombies
  8 giant cockroaches
  20 hobgoblins
  13 jackals
  25 kobolds
  11 quokkas
  A river rat zombie (Crypt:3)
  A giant cockroach zombie (D:5)
  6 giant geckos
  5 giant newts
  A giant newt skeleton (D:5)
  A giant spore (D:10)
  29 goblins
  A goblin skeleton (D:7)
  A hobgoblin zombie (Crypt:1)
  3 kobold skeletons
  A kobold zombie (Crypt:3)
  An orc simulacrum (Tomb:1)
  An orc zombie (D:8)
  12 rats
  A rat skeleton (Crypt:1)
  2 ballistomycetes (D:10)
  5 briar patches (Swamp:5)
  4 crawling corpses
  9 fungi
  5 plants
3035 creatures vanquished.

Vanquished Creatures (collateral kills)
  A shadow dragon (Depths:3)
  3 stone giants
  A vault guard (Vaults:5)
  A jiangshi (Crypt:1)
  An ogre mage (Depths:1)
  2 death yaks (Lair:8)
  A death yak (shapeshifter) (Depths:1)
  A deep elf knight (Vaults:1)
  A shadow wraith (Tomb:1)
  2 skeletal warriors
  A fire crab (shapeshifter) (Depths:1)
  A hill giant (Depths:3)
  A death scarab zombie (Tomb:1)
  A wolf spider (Depths:1)
  An orange crystal statue (Depths:1)
  A spriggan skeleton (Depths:3)
  2 spiny frogs
  A demonic crawler (Depths:1)
  2 fire drakes (Lair:8)
  A tarantella zombie (Crypt:1)
  A wraith (Tomb:1)
  A water elemental (Depths:1)
  4 humans (D:14)
  3 large abominations
  A neqoxec (Tomb:1)
  A swamp drake (Lair:8)
  2 crocodiles (Lair:8)
  2 giant frogs
  A spectral ogre (Depths:2)
  A scorpion (Depths:1)
  A centaur zombie (Crypt:1)
  A jelly (Slime:6)
  A mummy (Crypt:3)
46 creatures vanquished.

Vanquished Creatures (others)
  the royal jelly (Slime:6)
  An ancient lich (Tomb:1)
  A greater mummy (Tomb:1)
  the Lernaean hydra (Swamp:5)
  6 Killer Klowns (Pan)
  A pandemonium lord (Pan)
  2 liches
  2 Hell Sentinels (Slime:6)
  A tentacled monstrosity (Pan)
  An Ice Fiend (Pan)
  A deep elf blademaster (Elf:3)
  The ghost of zkyp the Eclecticist, a mighty DDFE of Vehumet (Elf:3)
  2 deep elf master archers (Elf:3)
  3 Executioners
  12 acid blobs (Slime:6)
  A Shadow Fiend (Pan)
  3 eldritch tentacles
  A sphinx (Tomb:1)
  2 shadow dragons
  A tengu reaver (Vaults:5)
  3 ancient champions
  6 tentacled starspawn
  5 azure jellies (Slime:6)
  Wiglaf (Elf:3)
  A vault warden (Vaults:5)
  A balrug (Tomb:1)
  6 cacodemons
  8 deep elf sorcerers (Elf:3)
  3 ghouls (Crypt:1)
  An orc warlord (Orc:4)
  4 emperor scorpions
  A very ugly thing (Slime:6)
  A vampire knight (Crypt:2)
  A stone giant (Depths:3)
  4 deep elf demonologists
  A dire elephant (Depths:2)
  5 deep elf annihilators (Elf:3)
  A bennu (Tomb:1)
  A white draconian (Elf:3)
  3 unborn (Tomb:1)
  A blizzard demon (Pan)
  4 fire dragons
  2 yaktaur captains
  7 deep elf death magi
  2 ettins
  An eidolon (Crypt:1)
  4 death oozes (Slime:6)
  2 green deaths (Pan)
  7 deep elf high priests (Elf:3)
  3 vault guards
  3 great orbs of eyes
  A mummy priest (Tomb:1)
  A jiangshi (Crypt:2)
  3 ice dragons
  A spriggan air mage (Depths:2)
  5 ironheart preservers
  The ghost of Fusha the Envoy of Void, a powerful DrAK of Lugonu (Lair:1)
  3 ogre magi
  2 rakshasas
  6 hydras
  2 monstrous demonspawn (Pan)
  2 centaur warriors
  2 alligators
  3 dancing weapons
  A deep troll earth mage (Depths:1)
  A vampire mage (Crypt:3)
  2 death yaks (Depths:2)
  3 sun demons
  2 spriggan riders
  A hell hog (Pan)
  4 iron trolls
  3 orc high priests (Orc:4)
  The ghost of Skillih the Fighter, an experienced MiBe of Trog (D:9)
  8 thrashing horrors
  3 deep elf knights
  6 skeletal warriors
  2 deep trolls
  4 spatial maelstroms
  A shadow wraith (Depths:3)
  5 swamp dragons (Swamp:5)
  2 gelid demonspawn (Pan)
  A shadow demon (Swamp:5)
  An ironbrand convoker (Vaults:1)
  A flayed ghost (Crypt:3)
  A wizard (Depths:3)
  10 death scarabs
  3 giant orange brains
  2 spectral hydras (Depths:2)
  A deep elf summoner (Elf:3)
  2 ice statues (IceCv)
  An anaconda skeleton (Tomb:1)
  A shambling mangrove (Swamp:3)
  A wolf spider zombie (Elf:3)
  A torturous demonspawn (Pan)
  An orc knight (Orc:1)
  2 deep elf conjurers
  5 ugly things
  6 phantasmal warriors
  4 wolf spiders
  2 anubis guards (Tomb:1)
  2 shining eyes
  A cyclops (D:12)
  5 orc sorcerers
  9 sixfirhies
  A hornet (Spider:3)
  A frost giant zombie (Depths:3)
  A shadow dragon skeleton (Crypt:2)
  7 fire elementals
  4 worldbinders
  2 elephants (Lair:8)
  2 apocalypse crabs (Vaults:5)
  A vault sentinel (Vaults:5)
  A guardian serpent (shapeshifter) (Vaults:2)
  A torpor snail (Depths:1)
  2 spiny frogs
  An orange crystal statue (Depths:2)
  3 eyes of devastation
  12 orange demons
  13 smoke demons
  An emperor scorpion zombie (Tomb:1)
  A black mamba (Vaults:5)
  A guardian serpent (Slime:6)
  5 yaktaurs
  A kobold demonologist (Tomb:1)
  An efreet (Tomb:1)
  19 large abominations
  5 komodo dragons
  5 tormentors
  A freezing wraith (Pan)
  3 demonic crawlers
  4 hellwings
  A two-headed ogre (Depths:2)
  5 fire drakes
  6 guardian mummies
  A troll (Orc:4)
  2 deep elf priests
  2 wandering mushrooms
  2 blue devils
  9 slime creatures
  A giant leech (Lair:6)
  4 jumping spiders
  A wolf spider simulacrum (Lair:8)
  A bog body (Swamp:2)
  2 ravens
  2 boulder beetles
  A two-headed ogre (shapeshifter) (Vaults:5)
  10 raiju
  2 ushabtiu
  An ettin zombie (Crypt:1)
  8 flying skulls
  10 deep elf magi
  2 vampires
  9 ynoxinuls
  An orc simulacrum (Vaults:1)
  A basilisk (Lair:8)
  4 tarantellas
  3 trapdoor spiders (Lair:8)
  A human (D:14)
  5 redbacks
  A hill giant zombie (D:8)
  2 water elementals
  4 yaks
  2 fire bats (Elf:3)
  A black mamba skeleton (Crypt:1)
  13 chaos spawn
  2 vampire mosquitoes
  9 deep elf fighters
  A steam dragon (D:12)
  2 wraiths
  A warg (Orc:4)
  3 hungry ghosts
  11 neqoxecs
  A hill giant skeleton (D:7)
  A hippogriff (shapeshifter) (Tomb:2)
  An insubstantial wisp (Tomb:2)
  2 shadows
  2 water moccasins
  3 swamp worms
  14 orc warriors
  2 ice beasts
  3 swamp drakes
  4 eyes of draining
  3 spiders (Lair:8)
  6 ogres
  A snapping turtle zombie (Tomb:1)
  42 starcursed masses
  2 phantoms
  A black mamba simulacrum (Tomb:2)
  3 lost souls
  26 small abominations
  4 brain worms
  4 crocodiles
  2 earth elementals
  A spectral naga (Depths:2)
  3 wights
  A jelly (Slime:6)
  10 quasits
  A crimson imp (Pan)
  4 orc priests
  3 iron imps
  2 hell rats (Elf:3)
  An iguana (Lair:8)
  A worker ant (D:12)
  2 orc wizards (Orc:4)
  A troll simulacrum (Depths:2)
  A sheep (Lair:4)
  An elf simulacrum (Elf:1)
  6 mummies (Tomb:2)
  2 river rats
  2 shadow imps
  5 white imps
  39 ufetubi
  22 orcs
  A briar patch (Swamp:5)
  6 crawling corpses (Elf:3)
  197 eldritch tentacle segments
  36 fungi
  14 plants
  56 starspawn tentacles
  631 starspawn tentacle segments
1705 creatures vanquished.

Grand Total: 4786 creatures vanquished

Action                   |  1- 3 |  4- 6 |  7- 9 | 10-12 | 13-15 | 16-18 | 19-21 | 22-24 | 25-27 || total
-------------------------+-------+-------+-------+-------+-------+-------+-------+-------+-------++-------
Melee: Short sword       |    72 |   191 |   510 |   693 |       |       |       |       |       ||  1466
       Dagger            |    37 |     9 |    33 |   208 |  1227 |  1052 |   990 |   569 |  3600 ||  7725
       Rod               |       |       |       |     4 |    20 |       |       |       |       ||    24
       Rapier            |       |       |       |       |       |   379 |   386 |    19 |   142 ||   926
 Fire: Blowgun           |       |       |       |    40 |   161 |    48 |    57 |    13 |    98 ||   417
Throw: Tomahawk          |       |     7 |    61 |    25 |   144 |    83 |    37 |    16 |   106 ||   479
       Throwing net      |       |     1 |     4 |       |     2 |       |     6 |       |    17 ||    30
 Cast: Flight            |       |       |       |       |       |       |       |    11 |    13 ||    24
       Repel Missiles    |       |       |       |       |       |       |       |     1 |     7 ||     8
       Regeneration      |       |       |       |       |       |       |       |       |    17 ||    17
Invok: Depart the Abyss  |     1 |       |       |       |       |       |       |       |     1 ||     2
       Bend Space        |       |       |     7 |     8 |     7 |     3 |    13 |       |       ||    38
       Banish            |       |       |     3 |     6 |     7 |     5 |     2 |     1 |     9 ||    33
       Corrupt           |       |       |       |     1 |     2 |     1 |     1 |       |     5 ||    10
 Abil: Evoke Teleport Co |       |       |       |       |     1 |       |       |       |     6 ||     7
       Evoke Invisibilit |       |       |       |       |       |     6 |     8 |     4 |    38 ||    56
       Blink             |       |       |       |       |       |       |       |     1 |     1 ||     2
       Turn Visible      |       |       |       |       |       |       |       |       |     1 ||     1
Evoke: Wand              |       |       |     5 |    35 |    30 |     9 |     6 |     5 |    37 ||   127
       Rod               |       |       |       |    59 |   121 |    63 |    63 |    41 |   144 ||   491
       Sack of spiders   |       |       |       |       |     3 |       |     3 |     2 |       ||     8
       Deck              |       |       |       |       |       |     2 |     1 |     2 |       ||     5
       Lamp of fire      |       |       |       |       |       |       |       |     3 |    14 ||    17
       Stone of tremors  |       |       |       |       |       |       |       |       |     8 ||     8
       Disc of storms    |       |       |       |       |       |       |       |       |     8 ||     8
       Phantom mirror    |       |       |       |       |       |       |       |       |     1 ||     1
  Use: Scroll            |     7 |       |     1 |    14 |     9 |    16 |     7 |     6 |    48 ||   108
       Potion            |     2 |       |     2 |     7 |     7 |     8 |     6 |     7 |    23 ||    62
 Stab: Sleeping          |       |     1 |     2 |    47 |    81 |   148 |    68 |     3 |   172 ||   522
       Confused          |       |       |       |     6 |     6 |       |     3 |       |    26 ||    41
       Distracted        |       |       |       |     2 |     9 |     9 |    19 |     9 |   120 ||   168
       Invisible         |       |       |       |       |       |    12 |    14 |     3 |    55 ||    84
       Held in net/web   |       |       |       |       |       |       |     3 |       |     5 ||     8
       Paralysed         |       |       |       |       |       |       |       |       |     2 ||     2
       Petrifying        |       |       |       |       |       |       |       |       |     1 ||     1
  Eat: Chunk             |     9 |     9 |    14 |    52 |    69 |    58 |    58 |    28 |   182 ||   479
       Pizza             |       |       |       |       |     1 |     7 |       |       |     2 ||    10
       Beef jerky        |       |       |       |       |     1 |     2 |       |       |     5 ||     8
       Meat ration       |       |       |       |       |       |     1 |     1 |       |     3 ||     5
       Royal jelly       |       |       |       |       |       |       |       |       |     2 ||     2

Vault maps used:
D:1:      nicolae_arrival_somewhat_less_tricky_arrival, serial_curves,
          eino_curves_04, eino_curves_02
D:2:      gammafunk_temple_overflow_claw, uniq_terence
D:3:      gammafunk_temple_overflow_statue, uniq_jessica
D:4:      uniq_prince_ribbit1
D:5:      serial_shops, nicolae_shop_behind_doors, first_bread, st_stairs_7,
          minivault_4, lemuel_old_faithful
D:6:      lemuel_coloured_pillars_altar, serial_shops,
          nicolae_shop_behind_doors, grunt_ministairs_1
D:7:      minmay_temple_entry_glass
D:8:      zin_academy, hangedman_little_slice_of_home, guppyfry_shop_venom,
          uniq_grum, uniq_joseph
D:9:      lair_0_dummy, david_orc_4
D:10:     serial_shops, nicolae_shop_behind_doors, fungi_pond_lemuel
D:11:     kennysheep_potato
D:12:     minmay_goldmine
D:13:     serial_shops, nicolae_shop_crystal, uniq_nessos
D:14:     grunt_vaults_entry_tiered, minmay_crystal_water, serial_shops,
          nicolae_shop_crystal, nicolae_shop_trees, kennysheep_mini_moat,
          nicolae_shop_trees, serial_glass, glass_columns_b, glass_columns_b,
          glass_columns_a, glass_columns_b, kennysheep_generic_room_2
D:15:     gammafunk_depths_entry_grave, minmay_misc_feat_more_columns
Temple:   eino_temple_water_12
Lair:1:   grunt_megastairs_4, infiniplex_staircase_pool
Lair:4:   uniq_fannar
Lair:5:   cheibrodos_magma_flow, spider_nest_entry_web_field,
          portal_ice_cave_entry_pillars_01, grunt_megastairs_3
Lair:6:   minmay_swamp_entry_worms, st_stairs_6,
          eino_small_chamber_without_monster, beast_lair_carwin_3
Lair:7:   minmay_slime_entry_oklob_open
Lair:8:   hangedman_lair_in_review, guppyfry_lair_end_dragon,
          serial_bayou_shore_b
Swamp:1:  evilmike_swamp_ruin_rubble_1
Swamp:2:  evilmike_swamp_ruin_house_3
Swamp:3:  evilmike_swamp_ruin_house_5, swamp_pool4
Swamp:4:  evilmike_swamp_ruin_house_2, swamp_pool3
Swamp:5:  swamp_old_school, uniq_donald
Spider:1: uniq_frances, uniq_maud
Spider:2: zaba_anthell, uniq_aizul
Spider:4: hangedman_spider_tarantella_strand, nicolae_spider_cling_ruins
Spider:5: spider_rune_water, spider_trap
Slime:1:  cheibrodos_slime_lost_civilization_4
Slime:3:  cheibrodos_slime_lost_civilization_5
Orc:2:    basic_altar, uniq_erolcha, uniq_psyche, uniq_erica, uniq_snorg,
          uniq_sonja
Orc:3:    nicolae_orc_pool_cavern, bloody_trog, uniq_maurice
Orc:4:    grunt_orc_community_town_hall, grunt_orc_community_big_house_2,
          grunt_orc_community_big_house_1, grunt_orc_community_house_2,
          grunt_orc_community_house_1, grunt_orc_community_house_1,
          grunt_orc_community_house_3, grunt_orc_community_house_2,
          grunt_orc_community_house_3, mines2_david
Elf:1:    eino_elf_arrival_sip, basic_altar, orc_legates, uniq_agnes,
          uniq_josephine
Elf:3:    minmay_elf_hall_spiked, serial_shops, shop, uniq_wiglaf
Vaults:1: hangedman_vaults_stream, vaults_dpeg_ring, v_pattern_1,
          hangedman_vaults_stitches, v_misc_18, ontoclasm_vaults_chip,
          dpeg_vaults_pockets_of_resistance, hangedman_vaults_restitches,
          ontoclasm_vaults_bender, ontoclasm_vaults_hangar, v_misc_22,
          grunt_vaults_bifocal, grunt_vaults_focal, nicolae_vaults_asterisk
Vaults:2: v_alt_pattern_2, v_pattern_4, nicolae_vaults_triangles, v_misc_31,
          v_misc_33, nicolae_vaults_rhombus_7, grunt_vaults_trifunnel,
          vaults_room_pools, serial_shops, shop
Vaults:3: v_misc_29, vaults_standard_mumra_lines, vaults_room_hallway,
          nicolae_vaults_rhombus_6, nicolae_vaults_big_ls,
          nicolae_vaults_ninety_degrees, vaults_room_guarded_vault
Vaults:4: v_rooms_1, ontoclasm_vaults_tryst, v_rooms_6, vaults_mumra_hexcomb,
          vaults_room_semicircle, hangedman_vaults_trim, serial_shops,
          nicolae_shop_trees
Crypt:1:  small_chamber_with_monster
Crypt:3:  david_glass_crypt, nicolae_tomb_entry_grand_gallery, crypt_curse_skull
Depths:1: thingy_vault_2, hell_entry, serial_shops, nicolae_shop_stone,
          serial_column_ruins, column_ruins_portal_hut, column_ruins_hut_water,
          column_ruins_grid_1, column_ruins_corridor_straight,
          column_ruins_columns_water, column_ruins_corridor_straight,
          column_ruins_open_small, fountainhead, st_stairs_9,
          minmay_misc_feat_pillars, pandoras_box_mu
Depths:2: lemuel_river_lethe, hell_entry, uniq_norris, uniq_saint_roka
Depths:3: minmay_spiral_squares, hell_entry, special_room,
          rand_demon_pan_entry_5, minmay_misc_feat_rugged, uniq_margery
Depths:4: minmay_containers, pf_coc_iceberg, pan_entry, abyss_entry,
          roderic_curled_sauvastika, ashenzari_altar_1
Depths:5: evilmike_zot_entry_diamond, enter_ziggurat_b, grunt_mini_vestibule,
          nrook_uturn, pan_entry, minmay_misc_feat_room,
          okawaru_ov_weapons_minmay
Abyss:2:  hangedman_cross_veins
Abyss:3:  evilmike_abyss_rune_ettins
Pan:      evilmike_mini_pan_thingy, evilmike_mini_pan_branches, rand_demon_1,
          evilmike_mini_pan_doors, evilmike_mini_pan_thingy, rand_demon_4,
          evilmike_mnoleg_eyes
IceCv:    ice_cave_statue_garden_02
